 Dungeon Crawl Stone Soup version 0.29-a0-330-g52719c12eb (webtiles) character file.

Game seed: 1641767933726954823

41 Crownlay the Digger (level 3, -4/23 HPs)
             Began as an Octopode Earth Elementalist on May 8, 2022.
             Killed from afar by Sigmund (8 damage)
             ... with a magic dart
             ... on level 2 of the Dungeon.
             The game lasted 00:02:01 (1066 turns).

Crownlay the Digger (Octopode Earth Elementalist)   Turns: 1066, Time: 00:02:02

Health: -4/23      AC:  1    Str:  7    XL:     3   Next: 52%
Magic:  1/7        EV: 13    Int: 19    God:
Gold:   60         SH:  0    Dex: 12    Spells: 6/7 levels left

rFire   . . .      SeeInvis .   f - +0 short sword
rCold   + . .      Faith    .   (no shield)
rNeg    . . .      Spirit   .   (helmet restricted)
rPois   .          Reflect  .   i - amulet of the acrobat
rElec   .          Harm     .   k - ring of protection from cold
rCorr   .          Rampage  .   (no ring)
Will    .....                   (no ring)
Stlth   +++.......              (no ring)
HPRegen 0.07/turn               (no ring)
MPRegen 0.10/turn               (no ring)
                                (no ring)
                                (no ring)

@: no status effects
A: almost no armour, amphibious, 8 rings, camouflage 1, gelatinous body 1,
(nimble swimmer 1), tentacles
a: no special abilities


You were on level 2 of the Dungeon.
You visited 1 branch of the dungeon, and saw 2 of its levels.

You collected 60 gold pieces.

Inventory:

Hand Weapons
 f - a +0 short sword (weapon)
Missiles
 a - 60 stones
Jewellery
 i - an amulet of the acrobat (around mantle)
 k - a ring of protection from cold (left tentacle)
Scrolls
 c - a scroll of enchant armour {unknown}
 d - 2 scrolls of identify {unknown}
 e - a scroll of immolation {unknown}
 h - a scroll of teleportation {unknown}
Potions
 b - a potion of magic
 g - a potion of attraction {unknown}
 j - 2 potions of curing {unknown}
 l - a potion of flight {unknown}
 m - 2 potions of brilliance {unknown}


   Skills:
 + Level 1.1 Fighting
 - Level 2.0 Dodging
 - Level 2.6 Stealth
 * Level 2.7 Spellcasting
 + Level 1.1 Conjurations
 - Level 1.0 Transmutations
 + Level 3.3 Earth Magic


You had 6 spell levels left.
You knew the following spells:

 Your Spells              Type           Power      Damage    Failure   Level
a - Sandblast             Erth           30%        2d9       4%          1

Your spell library contained the following spells:

 Spells                   Type           Power      Damage    Failure   Level
 Passwall                 Tmut/Erth      8%         N/A       10%         2
 Stone Arrow              Conj/Erth      20%        3d8       19%         3
 Ensorcelled Hibernation  Hex/Ice        4%         N/A       24%         2
 Swiftness                Air            2%         N/A       43%         3
 Petrify                  Tmut/Erth      10%        N/A       54%         4


Dungeon Overview and Level Annotations

Branches:
Dungeon (2/15)

Altars:

Annotations:
D:2 Sigmund


Innate Abilities, Weirdness & Mutations

You cannot wear most types of armour.
You are amphibious.
You can wear up to eight rings at the same time.
Your skin changes colour to match your surroundings (Stealth+).
Your rubbery body absorbs attacks. (AC +1, EV +1)
((You are camouflaged when in or above water. (Stealth+)))
You have tentacles for arms and can constrict up to eight enemies at once.


Message History

The blast of sand hits Sigmund!
Sigmund is heavily wounded.
The blast of sand hits Sigmund.
Sigmund is heavily wounded.
Sigmund points at you and mumbles some strange words.
The magic dart hits you!
You are too injured to fight recklessly!
You are too injured to fight recklessly!
Casting: Sandblast (safe; 4% risk of failure)
Confirm with . or Enter, or press ? or * to list all spells.
Aiming: Sandblast (safe; 4% risk of failure)
Press: ? - help, Shift-Dir - straight line, f/p - Sigmund
Aim: Sigmund, wielding a +5 scythe and wearing a +0 robe (heavily wounded, 77% to hit)
The blast of sand hits Sigmund.
Sigmund is severely wounded.
Sigmund gestures wildly while chanting.
Sigmund flickers and vanishes!
Deactivating autopickup; reactivate with Ctrl-A.
Casting: Sandblast (safe; 4% risk of failure)
Confirm with . or Enter, or press ? or * to list all spells.
You can't see any susceptible monsters within range! (Use Z to cast anyway.) Unknown command.
Casting: Sandblast (safe; 4% risk of failure)
Confirm with . or Enter, or press ? or * to list all spells.
Aiming: Sandblast (safe; 4% risk of failure)
Press: ? - help, Shift-Dir - straight line Something hits you.
* * * LOW HITPOINT WARNING * * *
Casting: Sandblast (safe; 4% risk of failure)
Confirm with . or Enter, or press ? or * to list all spells.
Aiming: Sandblast (safe; 4% risk of failure)
Press: ? - help, Shift-Dir - straight line
Casting: Sandblast (safe; 4% risk of failure)
Confirm with . or Enter, or press ? or * to list all spells.
Aiming: Sandblast (safe; 4% risk of failure)
Press: ? - help, Shift-Dir - straight line The blast of sand hits something!
A magic dart appears from out of thin air!
The magic dart hits you!
You die...

#.....### #..
#...$...
#....#....).#
#....#......#
#.)..#......#
#....#......#
###....#......####
..........@.{.....
..................
##...#.####......
<..# #.# ...... .#
#.# ##### #.# #.#
#.# #.# #.## #.#
#..# #.#


There were no monsters in sight!

Vanquished Creatures
  An adder (D:2)
  2 dart slugs (D:1)
  3 endoplasms (D:1)
  A giant cockroach (D:1)
  A goblin (D:2)
  4 hobgoblins
  3 quokkas
  4 ball pythons (D:1)
  2 bats (D:1)
  2 frilled lizards (D:1)
  4 kobolds (D:1)
  A rat (D:1)
28 creatures vanquished.

Notes
Turn   | Place    | Note
-------+----------+-------------------------------------------
     0 | D:1      | Crownlay the Octopode Earth Elementalist began the quest
                  | for the Orb.
     0 | D:1      | Reached XP level 1. HP: 11/11 MP: 3/3
   228 | D:1      | Reached XP level 2. HP: 18/18 MP: 5/5
   327 | D:1      | Found a faded altar of an unknown god.
   539 | D:1      | Reached XP level 3. HP: 20/22 MP: 6/6
   754 | D:1      | Reached skill level 1 in Fighting
   982 | D:2      | Reached skill level 1 in Conjurations
  1054 | D:2      | Noticed Sigmund
  1066 | D:2      | Killed from afar by Sigmund

Illustrated notes

Levels and vault maps discovered:
D:1:      grunt_arrival_lava_bath, layout_basic,
          hellmonk_ecumenical_altar_arch_garden, st_stairs_12
D:2:      layout_basic, uniq_robin, uniq_sigmund

Skill      XL: |  1  2  3 |
---------------+----------+-----
Fighting       | 1 |  1.1
Conjurations   | 1 |  1.1
Dodging        | |  2.0
Stealth        | |  2.6
Spellcasting   | |  2.7
Transmutations | |  1.0
Earth Magic    | |  3.3

Action                   || total
-------------------------++-------
Melee: Unarmed           ||     5
       Tentacles         ||    11
       Constrict         ||     9
       Short sword       ||    33
       Punch             ||     1
 Cast: Sandblast         ||    17
 Stab: Sleeping          ||     4
Armor: Skin              ||     4
Dodge: Dodged            ||    28

Table legend: (Time is in decaauts)
 A = Elapsed time spent in this place.
 B = Non-inter-level travel time spent in this place.
 C = Inter-level travel time spent in this place.
 D = Time resting spent in this place.
 E = Time spent auto-exploring this place.
 F = Levels seen in this place.
 G = Mean time per level.
                   A        B        C        D        E       F      G
               +--------+--------+--------+--------+--------+-----+--------+
         Total |   1068 |   1031 |     37 |      0 |    801 |   2 |  534.0 |
       Dungeon |   1068 |   1031 |     37 |      0 |    801 |   2 |  534.0 |
               +--------+--------+--------+--------+--------+-----+--------+

Top non-repeatable levels by time:
     D:1: 906 daAuts
     D:2: 162 daAuts
